 Dungeon Crawl Stone Soup version 0.17-a0-2122-g03d97ec (webtiles) character file.

80433 passwordisonphone the Severer (level 15, -2/110 HPs)
             Began as a Demonspawn Wanderer on Oct 21, 2015.
             Was the Champion of Okawaru.
             Slain by a tentacled starspawn (17 damage)
             ... on level 1 of the Abyss.
             The game lasted 00:56:10 (23543 turns).

passwordisonphone the Severer (DsWn)               Turns: 23543, Time: 00:56:10

Health: -2/110     AC: 24    Str: 24    XL:     15   Next: 23%
Magic:  16/16      EV: 10    Int: 13    God:    Okawaru [******]
Gold:   2354       SH:  0    Dex: 16    Spells: 0 memorised, 14 levels left

rFire  + . .     SeeInvis .     I - +5 executioner's axe (elec)
rCold  + . .     Clarity  .     X - +4 scale mail of Pauteoj {rElec Slay+3}
rNeg   . . .     SustAt   .     (no shield)
rPois  +         Gourm    .     (helmet restricted)
rElec  +         Spirit   .     L - +2 cloak
rCorr  .         Warding  .     o - +1 pair of gloves {Dex+3}
rMut   .         Stasis   .     s - +0 pair of boots of the Evening {Str+5}
MR     +....                    N - amulet of faith
Stlth  ++........               Y - ring of poison resistance
                                E - ring of protection from fire

@: studying Fighting, somewhat resistant to hostile enchantments, unstealthy
A: horns 2, iridescent scales 1, cold resistance 1, nightstalker 2, spiny 2
a: Heroism, Finesse, Renounce Religion


You were on level 1 of the Abyss.
You worshipped Okawaru.
Okawaru was exalted by your worship.
You were not hungry.

You visited 4 branches of the dungeon, and saw 23 of its levels.
You visited the Abyss 1 time.
You also visited: Sewer and Ice Cave.

You collected 2515 gold pieces.
You spent 161 gold pieces at shops.

Inventory:

Hand Weapons
 B - the +9 battleaxe of Duty {flame, *Rage +Rage rN+ Int+2}
   (Okawaru gifted it to you on level 8 of the Lair of Beasts)

   It has been specially enchanted to burn those struck by it, causing extra
   injury to most foes and up to half again as much damage against particularly
   susceptible opponents.
   Big, fiery blades are also staple armaments of hydra-hunters.
   It affects your intelligence (+2).
   It protects you from negative energy.
   It lets you go berserk.
   It may make you go berserk in combat.
 I - a +5 executioner's axe of electrocution (weapon)
 T - a +0 blowgun
Missiles
 k - 8 curare-tipped needles
 J - 2 throwing nets (quivered)
Armour
 m - a +2 pair of boots of running
 o - a +1 pair of gloves of dexterity (worn)
 s - the +0 pair of boots of the Evening (worn) {Str+5}
   (Okawaru gifted it to you on level 4 of the Lair of Beasts)

   It affects your strength (+5).
 L - a +2 cloak (worn)
 X - the +4 scale mail of Pauteoj (worn) {rElec Slay+3}
   (Okawaru gifted it to you on level 7 of the Lair of Beasts)

   It affects your accuracy and damage with ranged weapons and melee attacks
   (+3).
   It insulates you from electricity.
Jewellery
 b - an uncursed amulet of regeneration {unknown}
 w - an uncursed amulet of resist mutation
 y - a +5 ring of strength
 E - a ring of protection from fire (left hand)
 K - an uncursed ring of protection from cold
 N - an amulet of faith (around neck)
 P - an uncursed ring of magical power
 Y - a ring of poison resistance (right hand)
 Z - an uncursed ring of protection from cold
Wands
 c - a wand of heal wounds (4)
 i - a wand of teleportation (5)
 t - a wand of teleportation (6)
 v - a wand of teleportation (2)
 F - a wand of hasting (1)
 O - a wand of cold (2)
 Q - a wand of frost (24)
 R - a wand of invisibility (0)
 S - a wand of fireball (2)
 W - a wand of disintegration (9)
Scrolls
 g - 6 scrolls of fog
 h - 11 scrolls of remove curse
 l - 13 scrolls of identify
 r - 4 scrolls of amnesia
 u - 3 scrolls of blinking
 x - 4 scrolls of fear
 z - 13 scrolls of teleportation
 U - a scroll of brand weapon
Potions
 a - a potion of magic
 e - 2 potions of invisibility
 p - a potion of flight
 A - a potion of curing
 C - a potion of cure mutation
 G - a potion of haste
 M - a potion of heal wounds
Books
 j - a manual of Fighting
Comestibles
 d - 4 slices of pizza
 f - 12 bread rations
 n - 29 beef jerkies
 q - 9 meat rations
 D - 17 fruits


   Skills:
 - Level 8.1 Fighting
 + Level 20.4 Axes
   Level 1.7 Bows
 - Level 10.2 Armour
 - Level 2.0 Evocations


You had 14 spell levels left.
You didn't know any spells.

Dungeon Overview and Level Annotations

Branches:
Dungeon (10/15)            Temple (1/1) D:7            Lair (8/8) D:10
  Swamp (0/4) Lair:4       Spider (0/4) Lair:5        Slime (0/6) Lair:7
    Orc (4/4) D:10
    Elf: Orc:3-4

Altars:
Ashenzari
Cheibriados
Dithmenos
Elyvilon
Gozag
Kikubaaqudgha
Makhleb
Nemelex Xobeh
Okawaru
Qazlal
Sif Muna
Trog
Vehumet
Xom
Yredelemnul
Zin
The Shining One
Beogh

Shops:
D:10 %   Orc:2 [   Orc:4 *=!=

Annotations:
Lair:6 exclusion: oklob plant


Innate Abilities, Weirdness & Mutations

You have a pair of horns on your head.
You are partially covered in iridescent scales (AC +4).
Your flesh is cold resistant.
You are significantly more attuned to the shadows.
You are mostly covered in sharp spines.


Message History

Unknown command.
No target in view!
You are covered in liquid flames!
You see here a hell hog corpse.
You are covered in liquid flames!
You are covered in liquid flames!
You see here a hell hog corpse.
There is an open door here.
A tentacled starspawn comes into view.
A tentacled starspawn is nearby!
The tentacled starspawn bites you!! The tentacled starspawn engulfs you!
You slice the tentacled starspawn!! You headbutt the tentacled starspawn!
The tentacled starspawn is heavily damaged.
Tentacles burst from the starspawn's body!
You slash the tentacled starspawn!
There is a sudden explosion of sparks!
The tentacled starspawn is almost destroyed.
The tentacled starspawn bites you!!
* * * LOW HITPOINT WARNING * * *
The tentacled starspawn engulfs you!
You die...

. . # # ##... #.
##.... # ###.#
##...... #
....X####......... .
.#..*w@..'...#.##..'
.##..w#.##.........
# .....#####..
....## # .#.#. #§#
#†....# ..#...#
#..#.. ## .
.....#.##..##'## #
#### #...#.# # . ..#
. #.####### #
#.####.#.### #. ...
#


You could see a tentacled starspawn and 2 starspawn tentacles.

Vanquished Creatures
  Rupert (Lair:6)
  A tentacled starspawn (Abyss:1)
  An orc warlord (Orc:4)
  A very ugly thing (Abyss:1)
  Snorg (Orc:2)
  Josephine (Lair:6)
  2 ice dragons (IceCv)
  4 hydras
  6 death yaks
  4 orc high priests (Orc:4)
  The ghost of Ordine the Grappler, a novice TrMo (Lair:4)
  4 hell hogs (Abyss:1)
  Sonja (Orc:2)
  An unseen horror (D:10)
  2 ice statues (IceCv)
  5 orc knights
  A hill giant (D:10)
  3 orc sorcerers (Orc:4)
  A worldbinder (Abyss:1)
  4 griffons
  A smoke demon (Abyss:1)
  6 black mambas
  Maurice (Orc:4)
  16 elephants
  A torpor snail (Lair:4)
  4 komodo dragons
  15 spiny frogs
  A freezing wraith (Abyss:1)
  3 fire drakes
  4 two-headed ogres (Orc:4)
  8 polar bears (Lair:8)
  3 trolls (Orc:4)
  2 raiju (Lair:8)
  A boulder beetle (Lair:8)
  A large abomination (Abyss:1)
  2 spriggans (Lair:5)
  17 blink frogs
  4 starcursed masses (Abyss:1)
  Sigmund (D:3)
  A wyvern (Lair:3)
  A basilisk (Lair:3)
  A steam dragon (D:8)
  A small abomination (Abyss:1)
  5 fire bats (Abyss:1)
  A ynoxinul (Abyss:1)
  16 wolves
  A hungry ghost (D:10)
  29 yaks
  3 wraiths (Lair:6)
  8 wargs
  3 hippogriffs
  Edmund (D:4)
  A neqoxec (Abyss:1)
  8 porcupines
  3 hell hounds (Lair:8)
  6 swamp worms (Lair:4)
  19 water moccasins
  14 black bears
  8 spiders (Lair:5)
  A spiny frog skeleton (Abyss:1)
  16 ice beasts
  16 ogres
  3 sky beasts
  35 orc warriors
  15 crocodiles
  5 centaurs
  10 giant frogs
  A big kobold (D:8)
  A wyvern skeleton (D:8)
  4 scorpions
  5 killer bees (D:9)
  8 electric eels
  2 centaur zombies
  23 orc priests
  16 hounds
  A jelly (Lair:7)
  A wasp zombie (D:6)
  An iron imp (Abyss:1)
  7 crimson imps
  2 giant frog skeletons
  Ijyb (D:2)
  A quasit (D:6)
  A centaur skeleton (D:10)
  4 iguanas
  Natasha (D:3)
  6 worker ants
  2 hell rats (Lair:7)
  3 killer bee zombies
  19 orc wizards
  11 sheep
  A hound zombie (D:7)
  A hound skeleton (D:6)
  2 worker ant zombies
  85 river rats
  A white imp (Abyss:1)
  14 adders
  3 gnolls (D:4)
  An ufetubus (Abyss:1)
  5 oozes (Lair:7)
  An adder skeleton (D:6)
  An adder zombie (D:6)
  3 worms
  177 orcs
  10 bats
  8 giant cockroaches
  8 goblins
  6 hobgoblins
  4 quokkas
  5 ball pythons
  2 giant geckos (D:5)
  A giant gecko skeleton (D:6)
  10 giant newts
  12 jackals
  10 kobolds
  A quokka skeleton (D:6)
  14 rats
  3 fungi
  A plant (Lair:6)
  2 starspawn tentacles (Abyss:1)
880 creatures vanquished.

Vanquished Creatures (others)
  A fire crab (Lair:7)
  A giant frog (Lair:7)
  Natasha (D:3)
  6 fungi
  18 plants
  10 starspawn tentacle segments (Abyss:1)
37 creatures vanquished.

Grand Total: 917 creatures vanquished

Notes
Turn   | Place    | Note
--------------------------------------------------------------
     0 | D:1      | passwordisonphone the Demonspawn Wanderer began the quest for the Orb.
     0 | D:1      | passwordisonphone set off with: a +2 shortbow, 23 arrows, a potion of lignification, a potion of curing, a +0 robe, a bread ration
     0 | D:1      | Reached XP level 1. HP: 21/21 MP: 2/2
   280 | D:1      | Gained mutation: You are partially covered in iridescent scales (AC +4). [demonic ancestry]
   280 | D:1      | Reached XP level 2. HP: 27/27 MP: 3/3
   849 | D:2      | Gained mutation: You are slightly more attuned to the shadows. [demonic ancestry]
   849 | D:2      | Reached XP level 3. HP: 34/34 MP: 4/4
   874 | D:2      | Noticed Ijyb
   905 | D:2      | Killed Ijyb
   905 | D:2      | Reached skill level 6 in Fighting
  1159 | D:2      | Found a basalt altar of Yredelemnul.
  1167 | D:2      | Gained mutation: You have a pair of small horns on your head. [demonic ancestry]
  1167 | D:2      | Reached XP level 4. HP: 37/41 MP: 5/5
  1683 | D:3      | Noticed Natasha
  1686 | D:3      | Killed Natasha
  1733 | D:3      | Noticed Natasha
  1738 | D:3      | Killed Natasha
  1765 | D:3      | Reached skill level 7 in Fighting
  2155 | D:3      | Noticed Sigmund
  2186 | D:3      | Killed Sigmund
  2186 | D:3      | Reached skill level 8 in Fighting
  2186 | D:3      | Reached XP level 5. HP: 25/49 MP: 6/6
  2186 | D:3      | Gained mutation: You are partially covered in sharp spines. [demonic ancestry]
  2186 | D:3      | Reached XP level 6. HP: 28/56 MP: 7/7
  2549 | D:4      | Found a glowing drain.
  2567 | Sewer    | Entered a sewer
  2714 | Sewer    | Reached skill level 1 in Axes
  3099 | D:4      | Found a radiant altar of Vehumet.
  3225 | D:4      | Gained mutation: You are mostly covered in sharp spines. [demonic ancestry]
  3225 | D:4      | Reached XP level 7. HP: 28/62 MP: 8/8
  3428 | D:4      | Noticed Edmund
  3437 | D:4      | Killed Edmund
  3803 | D:5      | Entered Level 5 of the Dungeon
  3838 | D:5      | Reached skill level 5 in Axes
  4408 | D:6      | Reached XP level 8. HP: 68/68 MP: 9/9
  5111 | D:7      | Found an opulent altar of Gozag.
  5129 | D:7      | Found a staircase to the Ecumenical Temple.
  5138 | Temple   | Entered the Ecumenical Temple
  5264 | Temple   | Became a worshipper of Warmaster Okawaru
  5422 | D:7      | Gained mutation: You have a pair of horns on your head. [mutagenic meat]
  5423 | D:7      | Gained mutation: You are resistant to hostile enchantments. [mutagenic meat]
  5424 | D:7      | Gained mutation: You can breathe flames. [mutagenic meat]
  5604 | D:7      | Identified Vehumet's Volume of Conjuration and Feathers
  5641 | D:7      | Found a stormy altar of Qazlal.
  5859 | D:7      | Reached skill level 9 in Axes
  5887 | D:7      | Reached * piety under Okawaru
  5887 | D:7      | Reached XP level 9. HP: 74/74 MP: 10/10
  6146 | D:8      | Found a white marble altar of Elyvilon.
  6343 | D:8      | Reached skill level 10 in Axes
  6602 | D:9      | Reached ** piety under Okawaru
  6611 | D:9      | Reached skill level 11 in Axes
  7059 | D:9      | Found a shimmering altar of Xom.
  7432 | D:9      | Reached XP level 10. HP: 60/80 MP: 11/11
  7571 | D:10     | Entered Level 10 of the Dungeon
  7682 | D:10     | Found a staircase to the Lair.
  7683 | D:10     | Found Hathre's Food Emporium.
  7685 | D:10     | Noticed a death yak
  7686 | D:10     | Noticed a death yak
  7694 | D:10     | Lost mutation: You can breathe flames. [potion of cure mutation]
  7694 | D:10     | Lost mutation: You are resistant to hostile enchantments. [potion of cure mutation]
  7694 | D:10     | Lost mutation: You have a pair of horns on your head. [potion of cure mutation]
  7712 | D:10     | Killed a death yak
  7712 | D:10     | Reached *** piety under Okawaru
  7712 | D:10     | Reached skill level 12 in Axes
  7743 | D:10     | Killed a death yak
  7952 | D:10     | Reached **** piety under Okawaru
  8260 | D:10     | Found a staircase to the Orcish Mines.
  8327 | D:10     | Reached skill level 13 in Axes
  8452 | D:10     | Killed an unseen horror
  8600 | D:10     | Noticed a hill giant
  8606 | D:10     | Killed a hill giant
  8606 | D:10     | Reached ***** piety under Okawaru
  8606 | D:10     | Received a gift from Okawaru
  8696 | Lair:1   | Entered Level 1 of the Lair of Beasts
  8706 | Lair:1   | Reached XP level 11. HP: 31/86 MP: 12/12
  8992 | Lair:1   | Received a gift from Okawaru
  9039 | Lair:1   | Noticed a black mamba
  9044 | Lair:1   | Killed a black mamba
  9044 | Lair:1   | Reached skill level 14 in Axes
  9462 | Lair:1   | Noticed a black mamba
  9473 | Lair:1   | Killed a black mamba
  9952 | Lair:1   | Found a glowing golden altar of the Shining One.
 11474 | Lair:3   | HP: 4/86 [komodo dragon (24)]
 11478 | Lair:3   | Reached skill level 5 in Armour
 11494 | Lair:3   | Received a gift from Okawaru
 11495 | Lair:3   | Got a jewelled ring mail {god gift}
 11496 | Lair:3   | Identified the +3 ring mail "Aprup" {rN+ Str+3 Stlth+} (Okawaru gifted it to you on level 3 of the Lair of Beasts)
 11556 | Lair:3   | Found a frozen archway.
 11611 | IceCv    | Entered an ice cave
 11959 | IceCv    | Noticed an ice statue
 11969 | IceCv    | Killed an ice statue
 11970 | IceCv    | Noticed an ice statue
 12195 | IceCv    | Killed an ice statue
 12417 | IceCv    | Noticed an ice dragon
 12417 | IceCv    | Noticed an ice dragon
 12431 | IceCv    | Killed an ice dragon
 12431 | IceCv    | Reached skill level 15 in Axes
 12431 | IceCv    | Gained mutation: You have a pair of horns on your head. [demonic ancestry]
 12431 | IceCv    | Reached XP level 12. HP: 67/92 MP: 10/13
 12438 | IceCv    | Killed an ice dragon
 13454 | Lair:4   | Received a gift from Okawaru
 13455 | Lair:4   | Got a pair of ichor-stained boots {god gift}
 13489 | Lair:4   | Reached ****** piety under Okawaru
 13556 | Lair:4   | Noticed Ordine's ghost (novice TrMo)
 13897 | Lair:4   | Killed Ordine's ghost
 14466 | Lair:4   | Found a staircase to the Swamp.
 15333 | Lair:5   | Reached skill level 16 in Axes
 15356 | Lair:5   | Identified the +0 pair of boots of the Evening {Str+5} (Okawaru gifted it to you on level 4 of the Lair of Beasts)
 15419 | Lair:5   | Found a hole to the Spider Nest.
 15460 | Lair:5   | Received a gift from Okawaru
 15844 | Lair:5   | Reached XP level 13. HP: 98/98 MP: 14/14
 15967 | Lair:5   | Noticed a four-headed hydra
 15973 | Lair:5   | Killed a one-headed hydra
 15978 | Lair:5   | Reached skill level 10 in Armour
 16444 | Lair:6   | Noticed Josephine
 16457 | Lair:6   | Killed Josephine
 16921 | Lair:6   | Noticed Rupert
 16945 | Lair:6   | Killed Rupert
 16945 | Lair:6   | Received a gift from Okawaru
 16949 | Lair:6   | Got a scorched hand axe {god gift}
 16950 | Lair:6   | Identified the +2 hand axe of Slow Death {flame, rPois Dex+4} (Okawaru gifted it to you on level 6 of the Lair of Beasts)
 17691 | Lair:7   | Reached skill level 17 in Axes
 17772 | Lair:7   | Found a staircase to the Slime Pits.
 17913 | Lair:7   | Received a gift from Okawaru
 17920 | Lair:7   | Got a smoking scale mail {god gift}
 17931 | Lair:7   | Identified the +4 scale mail of Pauteoj {rElec Slay+3} (Okawaru gifted it to you on level 7 of the Lair of Beasts)
 18324 | Lair:8   | Entered Level 8 of the Lair of Beasts
 18824 | Lair:8   | Reached skill level 18 in Axes
 18828 | Lair:8   | Gained mutation: You are significantly more attuned to the shadows. [demonic ancestry]
 18828 | Lair:8   | Reached XP level 14. HP: 65/105 MP: 15/15
 19295 | Lair:8   | Received a gift from Okawaru
 19298 | Lair:8   | Got a crude battleaxe {god gift}
 19299 | Lair:8   | Identified the +9 battleaxe of Duty {flame, *Rage +Rage rN+ Int+2} (Okawaru gifted it to you on level 8 of the Lair of Beasts)
 19881 | Lair:8   | Received a gift from Okawaru
 20030 | Lair:8   | Received a gift from Okawaru
 20093 | Lair:8   | Gained mutation: You regenerate slowly when monsters are visible. [mutagenic glow]
 20141 | Lair:8   | Lost mutation: You regenerate slowly when monsters are visible. [potion of cure mutation]
 20806 | Orc:1    | Entered Level 1 of the Orcish Mines
 20822 | Orc:1    | Reached skill level 19 in Axes
 20925 | Orc:2    | Noticed Sonja
 20958 | Orc:2    | Killed Sonja
 20976 | Orc:2    | Noticed Snorg
 20983 | Orc:2    | Killed Snorg
 21465 | Orc:2    | Found Hemagos's Armour Shoppe.
 21588 | Orc:4    | Entered Level 4 of the Orcish Mines
 21799 | Orc:4    | Received a gift from Okawaru
 21828 | Orc:4    | Noticed Maurice
 21838 | Orc:4    | Killed Maurice
 22068 | Orc:4    | Found Roaduf's Jewellery Shoppe.
 22113 | Orc:4    | Noticed an orc warlord
 22125 | Orc:4    | Found a roughly hewn altar of Beogh.
 22126 | Orc:4    | Killed an orc warlord
 22236 | Orc:4    | Found Apeiwyal's Assorted Antiques.
 22257 | Orc:4    | Bought a puce potion for 24 gold pieces
 22257 | Orc:4    | Bought a scroll labeled ESOSTA SASA for 27 gold pieces
 22554 | Orc:4    | Found a roughly hewn altar of Beogh.
 22653 | Orc:4    | Found Ciatekaf's Jewellery Boutique.
 22675 | Orc:4    | Found Noneom Roes's Distillery.
 22715 | Orc:4    | Bought 2 potions of heal wounds for 110 gold pieces
 22884 | Orc:4    | Paralysed by an orc sorcerer for 6 turns
 23058 | Orc:3    | Received a gift from Okawaru
 23080 | Orc:3    | Reached skill level 20 in Axes
 23086 | Orc:3    | Cast into the Abyss (orc warrior)
 23131 | Abyss:1  | Noticed a tentacled starspawn
 23138 | Abyss:1  | Killed a tentacled starspawn
 23138 | Abyss:1  | Gained mutation: Your flesh is cold resistant. [demonic ancestry]
 23138 | Abyss:1  | Reached XP level 15. HP: 110/110 MP: 16/16
 23260 | Abyss:1  | Noticed a tentacled starspawn
 23540 | Abyss:1  | Noticed a tentacled starspawn
 23543 | Abyss:1  | Slain by a tentacled starspawn

Vault maps used:
D:1:      roderic_crop_circles_arrival_small, serial_bayou_pond_d
D:2:      first_bread, minivault_27, yredelemnul_altar_generic, uniq_iyjb
D:3:      uniq_sigmund, uniq_natasha
D:4:      vehumet_crystals, portal_sewer_entry_a, uniq_edmund
D:7:      grunt_qazlal_sundering, minmay_temple_entry_poolview, grunt_ogre_cave,
          nicolae_gozag_seed_capital
D:8:      elyvilon_altar_5
D:9:      nicolae_overflow_hidden_temple, special_room
D:10:     dpeg_lair_monsters, hiddenorc1_lemuel, serial_shops,
          nicolae_shop_trees
Temple:   hc_temple_tempest_star
Lair:1:   basic_altar
Lair:2:   serial_forest, infiniplex_forest_clump_double,
          infiniplex_forest_clump_medium, infiniplex_forest_zigzag_1,
          infiniplex_forest_fountain, lemuel_fruit_fields, lemuel_fruit_fields
Lair:3:   portal_ice_cave_entry_pillars_02
Lair:4:   nicolae_swamp_entry_splash_gauntlet, grunt_forest_stairs_basic
Lair:5:   wad_woods_tower, spider_nest_entry_a, serial_bayou,
          serial_bayou_pond_e, serial_bayou_ford_a, serial_bayou_shore_a,
          serial_bayou_pond_e, beast_lair_carwin_6
Lair:6:   uniq_josephine, uniq_rupert
Lair:7:   kennysheep_abandoned_house, nicolae_slime_entry_slimehenge
Lair:8:   hangedman_lair_caniforms_friends, serial_bayou, serial_bayou_lagoon_b,
          serial_bayou_lake_a, serial_bayou_pond_b, serial_bayou_pond_e
Orc:1:    uniq_erolcha
Orc:2:    serial_shops, shop, lightli_orcish_oven, uniq_snorg, uniq_sonja
Orc:3:    nicolae_orc_pool_cavern
Orc:4:    pubby_orc_utopia, uniq_maurice
Sewer:    sewer_co_cracked_pipes
IceCv:    ice_cave_small_dragons

Action                   |  1- 3 |  4- 6 |  7- 9 | 10-12 | 13-15 || total
-------------------------+-------+-------+-------+-------+-------++-------
Melee: War axe           |    14 |    49 |   255 |   183 |       ||   501
       Broad axe         |       |       |       |   391 |   331 ||   722
       Battleaxe         |       |       |       |       |   390 ||   390
       Executioner's axe |       |       |       |       |    45 ||    45
 Fire: Shortbow          |    70 |    47 |       |       |       ||   117
       Blowgun           |       |    41 |       |       |       ||    41
Invok: Heroism           |       |       |       |     3 |     4 ||     7
       Finesse           |       |       |       |       |     1 ||     1
 Abil: Evoke Berserk Rag |       |       |       |       |     1 ||     1
Evoke: Wand              |       |       |     4 |    12 |     6 ||    22
       Deck              |       |       |       |     1 |       ||     1
       Phantom mirror    |       |       |       |       |     1 ||     1
  Use: Potion            |     1 |     6 |       |     8 |     7 ||    22
       Scroll            |       |     5 |     9 |     8 |     8 ||    30
 Stab: Sleeping          |       |     4 |       |       |    14 ||    18
       Invisible         |       |       |       |    18 |     1 ||    19
  Eat: Chunk             |       |     7 |    17 |    15 |    26 ||    65
       Bread ration      |       |       |       |     4 |     2 ||     6
       Fruit             |       |       |       |     1 |       ||     1
